 Dungeon Crawl Stone Soup version 0.30.1-9-gdf580d7c3d (webtiles) character file.

Game seed: 9294444726420707944

60 101zpm the Magician (level 4, 0/31 HPs)
             Began as a Djinni Fire Elementalist on Sept 12, 2023.
             Hit by a goblin thrown by Robin (2 damage)
             ... on level 2 of the Dungeon on Sept 25, 2023.
             The game lasted 00:05:39 (1319 turns).

101zpm the Magician (Djinni Fire Elementalist)      Turns: 1319, Time: 00:05:40

Health: 0/31       AC:  2    Str:  7    XL:     4   Next: 24%
Gold:   45         EV: 12    Int: 19    God:
                   SH:  0    Dex: 13

rFire   + + .        (no weapon)
rCold   x . .        (no shield)
rNeg    . . .        a - +0 robe
rPois   ∞            (no helmet)
rElec   .            (no cloak)
rCorr   .            (no gloves)
SInv    .            (boots unavailable)
Will    .....        (no amulet)
Stlth   ++           (no ring)
HPRegen 0.25/turn    (no ring)
MPRegen 0.00/turn

%: infuse magic (-1 HP)
@: flying
A: sickness immunity, fire resistance 2, cold vulnerability 1, float, innate
caster, HP casting, extra vitality 1
a: no special abilities


You were on level 2 of the Dungeon.
You visited 1 branch of the dungeon, and saw 3 of its levels.

You collected 45 gold pieces.

Inventory:

Armour
 a - a +0 robe (worn)
Jewellery
 c - a +6 ring of intelligence
Scrolls
 e - a scroll of magic mapping {unknown}
 f - a scroll of amnesia {unknown}
 g - a scroll of identify {unknown}
 h - 3 scrolls of summoning {unknown}
Potions
 b - a potion of degeneration {unknown}
 d - a potion of curing {unknown}
 i - 2 potions of heal wounds {unknown}
 j - a potion of mutation {unknown}


   Skills:
 + Level 2.4 Dodging
 + Level 2.0 Stealth
 + Level 3.5 Spellcasting


You knew the following spells:

 Your Spells              Type           Power      Damage    Failure   Level
a - Foxfire               Conj/Fire      64%        2x1d7     3%          1
b - Scorch                Fire           32%        2d6       5%          2
c - Volatile Blastmotes   Fire/Tloc      32%        2d12      11%         3
d - Inner Flame           Hex/Fire       16%        N/A       11%         3
e - Flame Wave            Conj/Fire      16%        2d7       34%         4
f - Apportation           Tloc           32%        N/A       3%          1
Your spell library was empty.

Dungeon Overview and Level Annotations

Branches:
Dungeon (3/15)

Altars:

Annotations:
D:2 Robin


Innate Abilities, Weirdness & Mutations

You are immune to sickness and miasma.
You are immune to poison.
Your flesh is very heat resistant. (rF++)
You are vulnerable to cold. (rC-)
You float through the air rather than walking.
You learn spells naturally, not from books.
Your magical power is your life essence.
You have superior vitality. (+4 MHP)


Message History

The spell is quite dangerous to miscast (11% risk of failure)!
Continue anyway?
Aiming: Inner Flame (quite dangerous; 11% risk of failure)
Press: ? - help, Dir - move target, f - quokka, p - endoplasm
Aim: a quokka (wandering, hasn't noticed you, chance to affect: 84%)
The quokka is filled with an inner flame.
* * * LOW HITPOINT WARNING * * *
A goblin comes into view. It is wielding a +0 club.
Your magical contamination has completely faded away.
Casting: Foxfire (safe; 3% risk of failure)
Press: ? - help, Q - select action, (/) - cycle Dir - look around, f - activate You conjure some foxfire!
* * * LOW HITPOINT WARNING * * *
Casting: Foxfire (safe; 3% risk of failure)
Confirm with . or Enter, or press ? or * to list all spells.
Flames lash the quokka.
* * * LOW HITPOINT WARNING * * *
The quokka explodes!
You hear a shout!
The foxfire hits the endoplasm.
Flame seeps out of the endoplasm.
The endoplasm is moderately wounded.
The foxfire hits the endoplasm but does no damage.
The endoplasm is moderately wounded.
The endoplasm is engulfed in blazing flames.
The endoplasm explodes!
You hear an angry hiss.
Robin roars a battlecry!
Casting: Scorch (safe; 5% risk of failure)
Confirm with . or Enter, or press ? or * to list all spells.
Flames lash Robin.
Robin is moderately wounded.
Robin's fire resistance burns away.
* * * LOW HITPOINT WARNING * * *
Casting: Scorch (safe; 5% risk of failure)
Confirm with . or Enter, or press ? or * to list all spells.
Flames lash Robin.
Robin is burned terribly!
Robin is severely wounded.
* * * LOW HITPOINT WARNING * * *
You hear a shout!
Robin throws the goblin at you!
You die...

#........†.#
#.###.........§.
#.$.>..........#
#...###...<.....#
...
..######.##### #
... #...#
##§##..## #.
##.§..g.# #.. ..
#..@# .....#
#.##..# ##.....#
#..##g# .......#
#..?§###[#.....#
#).##.§...#.....#
#.) ##§..##.....#


gg) #.#........# .g# ...##.....>.# # ######..#.#### You could see Robin
(combustible) and a goblin (strong).

Vanquished Creatures
  An adder (D:2)
  5 ball pythons
  4 bats
  5 endoplasms
  5 giant cockroaches
  8 goblins
  3 hobgoblins (D:1)
  5 quokkas
  2 frilled lizards (D:1)
  2 kobolds (D:1)
  3 rats
43 creatures vanquished.

Vanquished Creatures (collateral kills)
  9 foxfires (D:1)
9 creatures vanquished.

Vanquished Creatures (others)
  123 foxfires
123 creatures vanquished.

Grand Total: 175 creatures vanquished

Notes
Turn   | Place    | Note
-------+----------+-------------------------------------------
     0 | D:1      | 101zpm the Djinni Fire Elementalist began the quest for the
                  | Orb.
     0 | D:1      | 101zpm set off with the following spells memorised:
                  | Foxfire, Scorch, Volatile Blastmotes, Inner Flame, Flame
                  | Wave.
     0 | D:1      | Reached XP level 1. HP: 15/15 MP: 0/0
    86 | D:1      | Reached XP level 2. HP: 19/21 MP: 0/0
   374 | D:1      | Reached skill level 3 in Spellcasting
   471 | D:1      | Reached XP level 3. HP: 25/25 MP: 0/0
   471 | D:1      | Learned a level 1 spell: Apportation
  1260 | D:2      | Reached XP level 4. HP: 23/31 MP: 0/0
  1303 | D:2      | Noticed Robin
  1304 | D:2      | Upgraded the game from 0.30.1-4-g462c640d31 to
                  | 0.30.1-9-gdf580d7c3d
  1319 | D:2      | Hit by a goblin thrown by Robin

Illustrated notes

Levels and vault maps discovered:
D:1:      dpeg_arrival_rooms_with_view, layout_loops_cross, serial_forest,
          infiniplex_forest_end_3, infiniplex_forest_split,
          infiniplex_forest_clump_curved, infiniplex_forest_straight_3,
          infiniplex_forest_end_2, infiniplex_forest_clump_double,
          infiniplex_forest_lined_1, infiniplex_forest_lined_2
D:2:      layout_rooms, minmay_pentomino_w2, uniq_robin
D:3:      layout_basic, nicolae_overflow_hidden_temple,
          mainiacjoe_overflow_swirl, nicolae_vehumet_altar_sigil,
          feat_on_display, uniq_sigmund, uniq_natasha

Skill      XL: |  1  2  3 |
---------------+----------+-----
Spellcasting   | 3 |  3.5
Stealth        | 2 |  2.0
Dodging        | |  2.4

Action                     |  1- 3 |  4- 6 || total
---------------------------+-------+-------++-------
   Cast: Foxfire           |    77 |     6 ||    83
         Scorch            |    15 |     5 ||    20
         Inner Flame       |       |     4 ||     4
 Armour: Robe              |       |     2 ||     2
  Dodge: Dodged            |       |     2 ||     2
